 Dungeon Crawl Stone Soup version 0.30-a0-860-g512cf1e979 (webtiles) character file.

Game seed: 309814975415842887

981 ProzacElf the Basher (level 8, 0/39 (61) HPs)
             Began as a Meteoran Reaver on Mar 8, 2023.
             Slain by an ice beast (11 damage)
             ... on level 5 of the Dungeon.
             The game lasted 00:10:08 (2611 turns).

ProzacElf the Basher (Meteoran Reaver)              Turns: 2611, Time: 00:10:09

HP:   0/39 (61)     AC:  3    Str: 15    XL:     8   Next: 67%
MP:   11/13         EV: 12    Int: 22    God:
Gold: 147           SH:  0    Dex: 12    Spells: 2/13 levels left

rFire   . . .      SeeInvis .    a - +3 scythe
rCold   . . .      Faith    .    (shield currently unavailable)
rNeg    . . .      Spirit   .    e - +0 leather armour
rPois   +          Reflect  .    (no helmet)
rElec   .          Rampage  .    (no cloak)
rCorr   .                        (no gloves)
Will    +....                    (no boots)
Stlth   +                        (no amulet)
HPRegen 0.26/turn                l - +6 ring of intelligence
MPRegen 0.13/turn                s - ring of poison resistance {=R}

@: immotile, glowing, very heavily drained
A: sense surroundings 1, otherworldly, glowing, explore regen
a: no special abilities


You were on level 5 of the Dungeon.
You visited 1 branch of the dungeon, and saw 5 of its levels.

You collected 207 gold pieces.
You spent 60 gold pieces at shops.

Inventory:

Hand Weapons
 a - a +3 scythe (weapon)
 b - a +0 whip of flaming
 o - a +0 mace
Missiles
 c - 37 stones
 m - 11 poisoned darts (quivered)
Armour
 e - a +0 leather armour (worn)
 h - a +0 chain mail
 i - a +0 scale mail
 p - a +0 ring mail
Jewellery
 l - a +6 ring of intelligence (left hand)
 s - a ring of poison resistance (right hand) {=R}
Scrolls
 d - 2 scrolls of amnesia
 f - 2 scrolls of identify
 g - a scroll of silence
 j - a scroll of blinking
 k - 6 scrolls of teleportation
 n - a scroll of poison
Potions
 q - 2 potions of curing
 r - a potion of brilliance


   Skills:
 - Level 2.1 Fighting
 + Level 10.8 Maces & Flails
 + Level 4.1 Dodging
 - Level 3.0 Spellcasting
 - Level 5.0 Conjurations
 + Level 3.0 Earth Magic


You had 2 spell levels left.
You knew the following spells:

 Your Spells              Type           Power      Damage    Failure   Level
a - Kiss of Death         Conj/Necr      56%        2d9       5%          1
b - Momentum Strike       Conj/Tloc      28%        3d8       9%          2
c - Hailstorm             Conj/Ice       14%        3d5       16%         3
d - Lee's Rapid Deconstr  Erth           8%         3d7*      77%         5

Your spell library contained the following spells:

 Spells                   Type           Power      Damage    Failure   Level
 Tukima's Dance           Hex            3%         N/A       41%         3
 Leda's Liquefaction      Hex/Erth       5%         N/A       63%         4
 Passage of Golubria      Tloc           3%         N/A       83%         4
 Yara's Violent Unravell  Hex/Tmut       1%         3d3       99%         5
 Statue Form              Tmut/Erth      6%         N/A       100%        6


Dungeon Overview and Level Annotations

Branches:
Dungeon (5/15) Zot: 370
 Temple: D:4-7

Altars:
Qazlal
Uskayaw
Wu Jian
Zin

Shops:
D:1 *   D:2 *


Innate Abilities, Weirdness & Mutations

You passively map a small area around you.
You are easily found by Zot.
You glow in the dark.
You regain HP and MP as you explore.


Message History

a +0 giant club; an ogre corpse Ye start waitin'.
Magic restored.
Ye regain'd 3 hp, an' now haf 35/39 hp.
MP restored: 13 Thin's tha be 'ere: a +0 giant club; an ogre corpse An ice beast comes inta view.
Tha ice beast moves outta view.
Health restored: 39 Ye start waitin'.
An ice beast be nearby!
Castin': Kiss o' Death (safe; 5% risk o' failure) Confirm wit' . or Enter, or press ? or * ta list all spells.
Aimin': Momn'tum Strike (safe; 9% risk o' failure)
Press: ? - help, Dir - move target, f - ice beast
Aim: an ice beast (71% ta hit) Tha concentrated momn'tum hits tha ice beast!
Tha ice beast be heavily wounded.
Ye be un'ble ta move.
Ye now haf 11/13 mp.
Reach: a) +3 scytha
Press: ? - help, Dir - move target, f/p - ice beast
Aim: an ice beast (heavily wounded, aboot 46% ta evade yer +3 scytha) Ye reach ta attack!
Ye hit tha ice beast.
Tha ice beast be heavily wounded.
Ye barely miss tha ice beast.
Tha ice beast be heavily wounded.
Tha ice beast hits ye but does nay damage.
Tha ice beast closely misses ye.
Ye closely miss tha ice beast.
Tha ice beast be heavily wounded.
Tha ice beast hits ye.
Tha ice beast freezes ye!
Ye take 12 damage, an' haf 27/39 hp.
MASSIVE DAMAGE!!
Ye closely miss tha ice beast.
Tha ice beast be heavily wounded.
Tha ice beast hits ye.
Tha ice beast freezes ye!
Tha ice beast hits ye.
* * * LOW HITPOINT WARNIN'
* * * Tha ice beast freezes ye!
Ye die...

######### #.......#
#########.#####.#
..........#####.#####
#####.)............#
*#.#..#..##.###.#
#.#........# #.# *
#.#.....#### #.#
*,#@####.## #.# * #Y#
#.# #.# #.. ..# ##.#
,##.. ... #..# ... ,,
#.## * .... ,, #.#
..... >* #.# ...... *
#.# . , #.##


You could see an ice beast.

Vanquished Creatures
  Pikel (D:4)
  Sigmund (D:4)
  An ogre (D:5)
  A phantom (D:3)
  A hound (D:5)
  2 jellies
  An iguana (D:4)
  3 adders
  A worm (D:3)
  5 dart slugs
  3 orcs
  7 ball pythons
  4 endoplasms
  2 giant cockroaches
  10 goblins
  7 hobgoblins
  7 kobolds
  4 quokkas
  5 bats
  2 frilled lizards
  2 rats
70 creatures vanquished.

Notes
Turn   | Place    | Note
-------+----------+-------------------------------------------
     0 | D:1      | ProzacElf the Meteoran Reaver began the quest for the Orb.
     0 | D:1      | Reached XP level 1. HP: 17/17 MP: 5/5
    69 | D:1      | Found Kissarr's Assorted Antiques.
    81 | D:1      | Reached XP level 2. HP: 20/24 MP: 6/6
    89 | D:1      | Bought a scroll labelled VOSOTA ZEGAZE for 20 gold pieces
   209 | D:1      | Bought a scroll labelled VITABECL JESAR for 20 gold pieces
   242 | D:2      | Found Fot Zoj's General Store.
   362 | D:2      | Reached XP level 3. HP: 26/29 MP: 8/8
   445 | D:2      | Learned a level 2 spell: Momentum Strike
   449 | D:2      | Learned a level 3 spell: Hailstorm
   841 | D:1      | Bought a scroll labelled VOSOTA ZEGAZE for 20 gold pieces
   910 | D:3      | Reached skill level 5 in Maces & Flails
   910 | D:3      | Reached XP level 4. HP: 22/36 MP: 9/9
  1073 | D:3      | Noticed a phantom
  1095 | D:3      | Killed a phantom
  1096 | D:3      | Reached skill level 6 in Maces & Flails
  1096 | D:3      | Reached skill level 5 in Conjurations
  1096 | D:3      | Reached XP level 5. HP: 9/41 MP: 8/10
  1748 | D:4      | Noticed an angel
  1750 | D:4      | Found a glowing silver altar of Zin.
  1775 | D:4      | Found a hide-covered altar of Uskayaw.
  1788 | D:4      | Noticed a lemure
  1788 | D:4      | Noticed a lemure
  1790 | D:4      | Noticed a lemure
  1790 | D:4      | Noticed Pikel
  1792 | D:4      | Noticed a lemure
  1809 | D:4      | HP: 1/34 [Pikel/+0 whip of flaming (2)]
  1831 | D:4      | Killed Pikel
  1832 | D:4      | Reached skill level 10 in Maces & Flails
  1832 | D:4      | Reached XP level 6. HP: 33/48 MP: 7/11
  1832 | D:4      | Reached XP level 7. HP: 38/55 MP: 7/12
  1933 | D:4      | Reached XP level 8. HP: 58/61 MP: 13/13
  1940 | D:4      | Learned a level 5 spell: Lee's Rapid Deconstruction
  2073 | D:4      | Found an ornate altar of the Wu Jian Council.
  2074 | D:4      | Noticed Sigmund
  2087 | D:4      | Killed Sigmund
  2292 | D:4      | Glimpsed the power of Zot.
  2318 | D:5      | Entered Level 5 of the Dungeon
  2359 | D:5      | Found a stormy altar of Qazlal.
  2611 | D:5      | Slain by an ice beast

Illustrated notes

Levels and vault maps discovered:
D:1:      minmay_arrival_glassed_features, layout_loops_ring, serial_shops,
          nicolae_shop_waterfront, minmay_pentomino_z4
D:2:      layout_loops_ring, serial_shops,
          nicolae_shop_competitors_out_of_business
D:3:      layout_loops_ring
D:4:      layout_gridville, zin_angel, mainiacjoe_overflow_six_doors_small,
          nzn_wu_jian_contemplation, grunt_tough_drop, uniq_pikel, uniq_sigmund
D:5:      layout_loops_cross, nicolae_qazlal_general_emergency,
          palyth_stone_intersect

Skill      XL: |  1  2  3  4  5  6  7  8 |
---------------+-------------------------+-----
Spellcasting   | 3 |  3.0
Conjurations   | 4 5 |  5.0
Maces & Flails | 5 6 10 | 10.8
Dodging        | 4 |  4.1
Earth Magic    | 3 |  3.0
Fighting       | |  2.1

Action                     |  1- 3 |  4- 6 |  7- 9 || total
---------------------------+-------+-------+-------++-------
  Melee: Mace              |    92 |    96 |    29 ||   217
         Punch             |       |     1 |     1 ||     2
         Halberd           |       |       |    30 ||    30
   Cast: Momentum Strike   |       |     3 |     2 ||     5
         Kiss of Death     |       |     2 |     5 ||     7
    Use: Potion            |       |     4 |       ||     4
         Scroll            |       |       |     7 ||     7
 Armour: Leather armour    |    38 |    19 |    11 ||    68
  Dodge: Dodged            |    57 |    36 |    27 ||   120

Table legend: (Time is in decaauts)
 A = Elapsed time spent in this place.
 B = Non-inter-level travel time spent in this place.
 C = Inter-level travel time spent in this place.
 D = Time resting spent in this place.
 E = Time spent auto-exploring this place.
 F = Levels seen in this place.
 G = Mean time per level.
                   A        B        C        D        E       F      G
               +--------+--------+--------+--------+--------+-----+--------+
         Total |   2628 |   2438 |    190 |    393 |   1379 |   5 |  525.6 |
       Dungeon |   2628 |   2438 |    190 |    393 |   1379 |   5 |  525.6 |
               +--------+--------+--------+--------+--------+-----+--------+

Top non-repeatable levels by time:
     D:4: 720 daAuts
     D:2: 692 daAuts
     D:3: 649 daAuts
     D:5: 303 daAuts
     D:1: 262 daAuts
